 Dungeon Sprint DCSS version 0.21-a0-210-gbfa5647 (webtiles) character file.

8696 Kidiri the Eclecticist (level 11, -4/65 HPs)
             Began as a Deep Elf Fire Elementalist on Aug 21, 2017.
             Was the Champion of Vehumet.
             Slain by Rupert
             ... wielding a +2 battleaxe of flaming
              (18 damage)
             ... in the Dungeon (Sprint III: "The Ten Rune Challenge").
             The game lasted 00:19:28 (3494 turns).

Kidiri the Eclecticist (Deep Elf Fire Elementalist) Turns: 3494, Time: 00:19:29

Health: -4/65      AC:  4    Str:  5    XL:     11   Next: 13%
Magic:  13/34      EV: 19    Int: 24    God:    Vehumet [******]
Gold:   34         SH:  4    Dex: 15    Spells: 2/44 levels left

rFire    . . .     SeeInvis .   m - +0 dagger
rCold    . . .     Gourm    .   (no shield)
rNeg     . . .     Faith    .   a - +0 robe
rPois    .         Spirit   .   (no helmet)
rElec    +         Reflect  .   (no cloak)
rCorr    .         Harm     .   (no gloves)
MR       +....     NoTele   +   (no boots)
Stlth    ++........             (no amulet)
HPRegen  0.20/turn              (no ring)
MPRegen  0.24/turn              (no ring)

@: no status effects
A: large bone plates 1, thin metallic scales 1, electricity resistance
a: Renounce Religion


You were in the Dungeon.
You worshipped Vehumet.
Vehumet was exalted by your worship.
You were not hungry.

You visited 1 branch You collected 34 gold pieces.

Inventory:

Hand Weapons
 m - a +0 dagger (weapon)
Missiles
 j - 6 throwing nets (quivered)
Armour
 a - a +0 robe (worn)
Scrolls
 l - a scroll of holy word
 n - 2 scrolls of remove curse {unknown}
 r - a scroll of torment {unknown}
Potions
 b - a potion of degeneration {unknown}
 f - a potion of haste
 h - a potion of berserk rage
 k - a potion of mutation
 p - a potion of might
 q - 2 potions of flight
Comestibles
 c - a bread ration
 d - 6 chunks of flesh
 o - a meat ration
 s - 16 royal jellies


   Skills:
 + Level 6.3 Fighting
 + Level 8.2 Short Blades
 + Level 6.5 Armour
 + Level 10.0 Dodging
 - Level 2.4 Stealth
 * Level 17.0 Spellcasting
 + Level 10.7 Conjurations
 + Level 11.0 Fire Magic
 + Level 4.6 Ice Magic
 + Level 7.7 Air Magic
 + Level 8.6 Poison Magic


You had 2 spell levels left.
You knew the following spells:

 Your Spells              Type           Power        Failure   Level  Hunger
a - Flame Tongue          Conj/Fire      #####        1%          1    None
b - Throw Flame           Conj/Fire      ######       1%          2    None
c - Conjure Flame         Conj/Fire      ######..     1%          3    None
d - Inner Flame           Hex/Fire       #####...     1%          3    None
e - Sticky Flame          Conj/Fire      ######..     1%          4    None
f - Fireball              Conj/Fire      ######....   1%          5    None
g - Bolt of Fire          Conj/Fire      ######....   1%          6    ####...
h - Mephitic Cloud        Conj/Pois/Air  ######..     1%          3    None
i - Throw Icicle          Conj/Ice       ######..     1%          4    None
j - Airstrike             Air            ######....   1%          4    None
k - Orb of Destruction    Conj           ######....   7%          7    #####..


Dungeon Overview and Level Annotations

Branches:
Dungeon (1/1)

Altars:
Cheibriados
Dithmenos
Elyvilon
Fedhas
Gozag
Hepliaklqana
Kikubaaqudgha
Makhleb
Nemelex Xobeh
Okawaru
Qazlal
Ru
Sif Muna
Trog
Uskayaw
Vehumet
Wu Jian
Xom
Yredelemnul
Zin
The Shining One
Beogh
Jiyva
Lugonu

Annotations:
D exclusion: 4 doors, Rupert


Innate Abilities, Weirdness & Mutations

You are partially covered in large bone plates. (SH +4)
You are partially covered in thin metallic scales. (AC +2)
You are resistant to electric shocks. (rElec)


Message History

Confirm with . or Enter, or press ? or * to list all spells.
Aiming: Orb of Destruction
Press: ? - help, Shift-Dir - straight line, f/p - Rupert
Aim: Rupert, wielding a battleaxe of flaming and wearing a leather armour (heavily wounded, berserk, fast, unusually strong, entangled in a net, unusually resistant)
The wavering orb of destruction weakly hits Rupert.
Rupert is severely wounded.
Rupert struggles against the net.
The net rips apart, and Rupert comes free!
Casting: Orb of Destruction
Confirm with . or Enter, or press ? or * to list all spells.
Aiming: Orb of Destruction
Press: ? - help, Shift-Dir - straight line, f/p - Rupert
Aim: Rupert, wielding a battleaxe of flaming and wearing a leather armour (severely wounded, berserk, fast, unusually strong, unusually resistant)
The wavering orb of destruction weakly hits Rupert.
Rupert is severely wounded.
Rupert hits you with a battleaxe of flaming!!!
Ouch! That really hurt!
* * * LOW HITPOINT WARNING * * *
Rupert burns you!!
You die...

▓'#####...........#.[:#__#
▓.................#___#__+
▓▓▓▓▓▓▓▓▓▓▓▓▓▓▓▓▓▓▓▓▓▓▓▓▓▓
+≈≈≈≈≈≈≈≈≈♣♣.%%..♣♣♣♣
#≈≈≈≈§§≈≈≈♣♣.≈≈≈≈+♣♣'
#≈≈≈§§≈.≈≈≈'...%.#.≈♣
#≈≈≈§§≈≈≈≈♣♣♣♣♣♣♣#..♣
#≈≈§§≈.§§≈♣ ###+
####@###### ♣♣♣♣.
........@...... ♣...#
#+############# ♣♣.## ♣..#
♣♣.# ♣♣.# ♣... ####


You could see Rupert (berserk).

Vanquished Creatures
  Erolcha (D)
  Urug (D)
  A lindwurm (D)
  A deep elf mage (D)
  2 spiny frogs (D)
  A rime drake (D)
  A komodo dragon (D)
  A queen bee (D)
  3 wandering mushrooms (D)
  5 blink frogs (D)
  2 tyrant leeches (D)
  A shadow (D)
  5 redbacks (D)
  A spatial vortex (D)
  A swamp drake (D)
  A necrophage (D)
  5 two-headed ogres (D)
  A water elemental (D)
  A scorpion (D)
  25 killer bees (D)
  A jelly (D)
  Jessica (D)
  A wizard (D)
  A necromancer (D)
  A kobold demonologist (D)
  3 humans (D)
  3 rats (D)
71 creatures vanquished.

Vanquished Creatures (collateral kills)
  7 killer bees (D)
7 creatures vanquished.

Vanquished Creatures (others)
  2 draconian scorchers (D)
  6 hellions (D)
  3 yaktaurs (D)
11 creatures vanquished.

Grand Total: 89 creatures vanquished

Notes
Turn   | Place    | Note
-------+----------+-------------------------------------------
     0 | D        | Kidiri the Deep Elf Fire Elementalist began the quest for the Orb.
     0 | D        | Reached XP level 1. HP: 10/10 MP: 6/6
    40 | D        | Killed a yaktaur
    49 | D        | Noticed Jessica
    52 | D        | Killed Jessica
    52 | D        | Reached skill level 6 in Spellcasting
    52 | D        | Reached XP level 2. HP: 15/15 MP: 3/11
    53 | D        | Killed a hellion
    56 | D        | Learned a level 2 spell: Throw Flame
   100 | D        | Killed a hellion
   101 | D        | Killed a hellion
   102 | D        | Killed a hellion
   138 | D        | Reached skill level 7 in Spellcasting
   138 | D        | Reached XP level 3. HP: 12/19 MP: 3/13
   146 | D        | Learned a level 3 spell: Conjure Flame
   150 | D        | Learned a level 3 spell: Inner Flame
   159 | D        | Killed a white draconian scorcher
   167 | D        | Killed a hellion
   184 | D        | Killed a white draconian scorcher
   245 | D        | Noticed a scorpion
   249 | D        | Killed a scorpion
   249 | D        | Reached skill level 8 in Spellcasting
   249 | D        | Reached skill level 5 in Fire Magic
   249 | D        | Reached XP level 4. HP: 24/24 MP: 8/16
   255 | D        | Learned a level 4 spell: Sticky Flame
   272 | D        | Gained mutation: You are partially covered in icy blue scales. (AC +2) [potion of mutation]
   272 | D        | Gained mutation: You are clumsy. (Dex -2) [potion of mutation]
   272 | D        | Gained mutation: You are resistant to electric shocks. (rElec) [potion of mutation]
   272 | D        | Gained mutation: You are partially covered in large bone plates. (SH +4) [potion of mutation]
   273 | D        | Lost mutation: You are partially covered in icy blue scales. (AC +2) [potion of mutation]
   273 | D        | Lost mutation: You are clumsy. (Dex -2) [potion of mutation]
   273 | D        | Gained mutation: You are partially covered in thin metallic scales. (AC +2) [potion of mutation]
   288 | D        | Killed a hellion
   298 | D        | Noticed a water elemental
   302 | D        | Killed a water elemental
   302 | D        | Reached skill level 10 in Spellcasting
   302 | D        | Reached skill level 5 in Conjurations
   302 | D        | Reached XP level 5. HP: 15/28 MP: 11/19
   445 | D        | Found a radiant altar of Vehumet.
   446 | D        | Found a deep blue altar of Sif Muna.
   446 | D        | Found an ancient bone altar of Kikubaaqudgha.
   464 | D        | Learned a level 5 spell: Fireball
   468 | D        | Learned a level 3 spell: Mephitic Cloud
   474 | D        | Became a worshipper of Vehumet
   510 | D        | Found a glowing silver altar of Zin.
   511 | D        | Found a glowing golden altar of the Shining One.
   511 | D        | Found a white marble altar of Elyvilon.
   511 | D        | Noticed a deep elf mage
   519 | D        | Killed a deep elf mage
   519 | D        | Reached skill level 12 in Spellcasting
   519 | D        | Reached XP level 6. HP: 36/36 MP: 14/23
   519 | D        | Reached XP level 7. HP: 40/40 MP: 14/24
   571 | D        | Found an ornate altar of the Wu Jian Council.
   571 | D        | Found a roughly hewn altar of Beogh.
   571 | D        | Found an iron altar of Okawaru.
   571 | D        | Found a bloodstained altar of Trog.
   571 | D        | Found a hide-covered altar of Uskayaw.
   571 | D        | Noticed a human
   577 | D        | Noticed a human
   578 | D        | Killed a human
   588 | D        | Killed a human
   588 | D        | Reached * piety under Vehumet
   588 | D        | Offered knowledge of Sandblast by Vehumet.
   588 | D        | Reached skill level 5 in Dodging
   697 | D        | Found a basalt altar of Yredelemnul.
   697 | D        | Found a shadowy altar of Dithmenos.
   697 | D        | Found a sacrificial altar of Ru.
   903 | D        | Reached ** piety under Vehumet
   903 | D        | Offered knowledge of Shock by Vehumet.
   905 | D        | Noticed a shadow
   913 | D        | Killed a shadow
   913 | D        | Reached skill level 13 in Spellcasting
   913 | D        | Reached XP level 8. HP: 46/46 MP: 16/27
   967 | D        | Found a blossoming altar of Fedhas.
   967 | D        | Found a stormy altar of Qazlal.
   967 | D        | Found a snail-covered altar of Cheibriados.
   967 | D        | Found a burning altar of Makhleb.
   967 | D        | Found a shimmering altar of Xom.
   968 | D        | Found a hazy altar of Hepliaklqana.
   968 | D        | Found an opulent altar of Gozag.
   968 | D        | Found a sparkling altar of Nemelex Xobeh.
   968 | D        | Found a corrupted altar of Lugonu.
   968 | D        | Found a viscous altar of Jiyva.
  1066 | D        | Offered knowledge of Dazzling Spray by Vehumet.
  1066 | D        | Reached skill level 5 in Poison Magic
  1071 | D        | Reached *** piety under Vehumet
  1230 | D        | Noticed a two-headed ogre
  1236 | D        | Killed a two-headed ogre
  1236 | D        | Offered knowledge of Force Lance by Vehumet.
  1236 | D        | Reached skill level 5 in Short Blades
  1287 | D        | Noticed a two-headed ogre
  1287 | D        | Noticed Erolcha
  1298 | D        | Killed a two-headed ogre
  1298 | D        | Reached skill level 14 in Spellcasting
  1298 | D        | Reached skill level 5 in Air Magic
  1304 | D        | Killed Erolcha
  1304 | D        | Reached XP level 9. HP: 52/52 MP: 12/29
  1307 | D        | Reached **** piety under Vehumet
  1467 | D        | Noticed a queen bee
  1471 | D        | Offered knowledge of Airstrike by Vehumet.
  1472 | D        | Reached ***** piety under Vehumet
  1472 | D        | Reached skill level 5 in Armour
  1476 | D        | Killed a queen bee
  1476 | D        | Reached skill level 5 in Fighting
  1476 | D        | Reached skill level 15 in Spellcasting
  1494 | D        | Reached ****** piety under Vehumet
  1740 | D        | Learned a level 4 spell: Airstrike
  1743 | D        | Offered knowledge of Throw Icicle by Vehumet.
  1750 | D        | Reached XP level 10. HP: 37/59 MP: 19/31
  1757 | D        | Learned a level 4 spell: Throw Icicle
  1937 | D        | Offered knowledge of Orb of Destruction by Vehumet.
  1948 | D        | Learned a level 7 spell: Orb of Destruction
  2160 | D        | Reached skill level 10 in Fire Magic
  2160 | D        | Reached skill level 1 in Ice Magic
  2294 | D        | Noticed a spiny frog
  2294 | D        | Noticed a spiny frog
  2298 | D        | Killed a spiny frog
  2299 | D        | HP: 1/60 [spiny frog (10)]
  2304 | D        | Killed a spiny frog
  2304 | D        | Reached skill level 16 in Spellcasting
  2304 | D        | Reached skill level 10 in Conjurations
  2786 | D        | Offered knowledge of Bolt of Fire by Vehumet.
  2993 | D        | Noticed a lindwurm
  2999 | D        | HP: 1/60 [lindwurm (8)]
  3003 | D        | Killed a lindwurm
  3278 | D        | Learned a level 6 spell: Bolt of Fire
  3278 | D        | Noticed Urug
  3282 | D        | Killed Urug
  3370 | D        | Reached XP level 11. HP: 64/64 MP: 33/33
  3403 | D        | Offered knowledge of Conjure Ball Lightning by Vehumet.
  3408 | D        | Reached skill level 10 in Dodging
  3414 | D        | Reached skill level 17 in Spellcasting
  3481 | D        | Noticed Rupert
  3494 | D        | Slain by Rupert

Vault maps used:
D:        dungeon_sprint_mu

Skill      XL: |  1  2  3  4  5  6  7  8  9 10 11 |
---------------+----------------------------------+-----
Spellcasting   | 6 7 8 10 12 13 14 15 16 17 | 17.0
Conjurations   | 3 4 5 7 8 9 10 | 10.7
Fire Magic     | 4 5 6 7 8 9 10 11 | 11.0
Fighting       | 2 3 4 5 6 |  6.3
Short Blades   | 3 4 5 6 7 8 |  8.2
Armour         | 2 3 4 5 6 |  6.5
Dodging        | 4 5 7 8 9 10 | 10.0
Air Magic      | 3 4 5 6 7 |  7.7
Poison Magic   | 3 4 6 7 8 |  8.6
Ice Magic      | 4 |  4.6
Stealth        | |  2.4

Action                   |  1- 3 |  4- 6 |  7- 9 | 10-12 || total
-------------------------+-------+-------+-------+-------++-------
Melee: Dagger            |       |       |     9 |     3 ||    12
Throw: Throwing net      |       |       |       |     4 ||     4
 Cast: Flame Tongue      |    16 |     4 |    49 |     7 ||    76
       Throw Flame       |     2 |       |     1 |       ||     3
       Conjure Flame     |       |     1 |     6 |     4 ||    11
       Sticky Flame      |       |     3 |    16 |     5 ||    24
       Mephitic Cloud    |       |       |     9 |     6 ||    15
       Fireball          |       |       |     3 |     1 ||     4
       Orb of Destructio |       |       |       |    17 ||    17
       Throw Icicle      |       |       |       |    10 ||    10
       Airstrike         |       |       |       |     7 ||     7
       Bolt of Fire      |       |       |       |     4 ||     4
       Inner Flame       |       |       |       |     1 ||     1
  Use: Scroll            |       |     3 |       |     1 ||     4
       Potion            |       |     2 |     1 |     4 ||     7
 Stab: Confused          |       |       |     2 |       ||     2
       Sleeping          |       |       |       |     3 ||     3
  Eat: Chunk             |       |       |     1 |       ||     1
       Royal jelly       |       |       |     2 |     5 ||     7
Armor: Robe              |       |     1 |     3 |     2 ||     6
Dodge: Dodged            |     3 |     1 |    33 |    10 ||    47
Block: Other             |       |     1 |     4 |     5 ||    10

Table legend:
 A = Spawn XP
 B = Non-spawn XP
 C = Spawn XP percentage of total XP
 D = Spawn monster count
 E = Non-spawn monster count
 F = Spawn count percentage of total count
 G = Total turns spent on level
                    A         B        C        D         E        F      G
               +---------+---------+-------+---------+---------+-------+---------
         Total |       0 |   12424 |   0.0 |       0 |      78 |   0.0 |  3494
               +---------+---------+-------+---------+---------+-------+---------
             D |       0 |   12424 |   0.0 |       0 |      78 |   0.0 |  3494
               +---------+---------+-------+---------+---------+-------+---------
